 Dungeon Crawl Stone Soup version 0.29.0-4-gdea44cf6ec (webtiles) character file.

Game seed: 333768897463246798

580 qw the Chopper (level 7, -13/41 HPs)
             Began as a Tengu Warper on Aug 28, 2022.
             Mangled by Pikel
             ... wielding a +2 whip of electrocution
              (20 damage)
             ... on level 5 of the Dungeon.
             The game lasted 00:00:28 (4343 turns).

qw the Chopper (Tengu Warper)                       Turns: 4343, Time: 00:00:29

Health: -13/41     AC: 12    Str: 13    XL:     7   Next: 36%
Magic:  11/11      EV: 11    Int: 13    God:
Gold:   227        SH:  0    Dex: 14    Spells: 10/10 levels left

rFire   . . .      SeeInvis .   h - +1 war axe (vorpal)
rCold   . . .      Faith    .   (no shield)
rNeg    . . .      Spirit   .   l - +0 chain mail
rPois   .          Reflect  .   (helmet restricted)
rElec   .          Harm     .   (no cloak)
rCorr   .          Rampage  .   (no gloves)
Will    .....                   (boots unavailable)
Stlth   ..........              (no amulet)
HPRegen 0.13/turn               b - +4 ring of protection
MPRegen 0.12/turn               e - +4 ring of evasion

@: flying quickly and evasively, quick
A: beak, talons 3, nimble flight
a: no special abilities


You were on level 5 of the Dungeon.
You visited 2 branches of the dungeon, and saw 6 of its levels.

You collected 227 gold pieces.


Innate Abilities, Weirdness & Mutations

You have a beak for a mouth.
You have claws for feet.
Your magical nature lets you fly swiftly and evasively.


   Skills:
 - Level 3.2 Fighting
 + Level 7.8 Axes
 - Level 1.0 Throwing
 - Level 2.5 Armour
 - Level 2.1 Dodging
 - Level 2.0 Spellcasting
 - Level 2.4 Translocations


You had 10 spell levels left.
You didn't know any spells.
Your spell library contained the following spells:

 Spells                   Type           Power      Damage    Failure   Level
 Blink                    Tloc           14%        N/A       99%         2
 Gell's Gravitas          Tloc           7%         N/A       100%        3
 Lesser Beckoning         Tloc           7%         N/A       100%        3
 Teleport Other           Tloc           7%         N/A       100%        3
 Manifold Assault         Tloc           7%         N/A       100%        5

Inventory:

Hand Weapons
 h - a +1 vorpal war axe (weapon)
 k - a +0 mace
Missiles
 j - 2 boomerangs (quivered)
Armour
 l - a +0 chain mail (worn)
Jewellery
 b - a +4 ring of protection (left hand)
 e - a +4 ring of evasion (right hand)
Scrolls
 a - a scroll of identify
Potions
 c - a potion of resistance {unknown}
 f - a potion of flight {unknown}
 g - a potion of curing
 i - a potion of berserk rage {unknown}
 m - a potion of brilliance {unknown}

Dungeon Overview and Level Annotations

Branches:
Dungeon (5/15)             Temple (1/1) D:5

Altars:
Ashenzari
Cheibriados
Dithmenos
Elyvilon
Fedhas
Gozag
Hepliaklqana
Kikubaaqudgha
Makhleb
Nemelex Xobeh
Qazlal
Ru
Trog
Uskayaw
Vehumet
Wu Jian
Xom
The Shining One

Annotations:
D:5 Pikel


Message History

The lemure barely misses you. The gnoll sergeant closely misses you.
The lemure closely misses you.
You hit the lemure. Your peck misses the lemure.
The lemure is severely wounded.
You miss the adder. You slash Pikel! You hit the lemure.
The lemure closely misses you. The gnoll sergeant barely misses you.
The adder barely misses you. The lemure barely misses you.
Pikel hits you with a +2 whip of electrocution!
4340 ||| DRINKING potion of heal wounds.
You feel much better. The adder bites you but does no damage.
Pikel hits you with a +2 whip of electrocution.
You are electrocuted!
The lemure closely misses you.
The gnoll sergeant hits you from afar with a +0 spear.
The lemure barely misses you. The adder misses you.
You closely miss the lemure. Your kick misses the lemure.
The lemure is severely wounded.
You miss the adder. You hit Pikel. You hit the lemure.
Pikel completely misses you. The lemure hits you.
The lemure hits you but does no damage.
The gnoll sergeant hits you but does no damage.
The adder bites you but does no damage.
Pikel hits you with a +2 whip of electrocution.
The gnoll sergeant hits you but does no damage.
The lemure hits you but does no damage. The lemure closely misses you.
You hit the lemure.
The lemure is almost dead.
You miss the adder. You hit Pikel but do no damage. You hit the lemure.
The adder closely misses you. Pikel misses you. The lemure misses you.
The gnoll sergeant hits you from afar with a +0 spear.
The lemure hits you. The adder completely misses you.
You slash the lemure!
You kill the lemure!
That felt strangely unrewarding.
You hit the lemure. You closely miss the adder. You hit Pikel.
The adder bites you but does no damage. The lemure hits you but does no damage.
The gnoll sergeant misses you.
Pikel hits you with a +2 whip of electrocution.
You are electrocuted!!
You die...

........####..........###...###.
......##...............# #.}.#
...... ................###...##
.... ........................
.......................
...........(...........
..........##.......#...
...#.....##.......#
#.@5...........#
#SK............#
#.5.g..........#
.....#[.........#
#......#..........
...............(
#...............
................ ###.....##...


You could see Pikel, 2 lemures, a gnoll sergeant and an adder.

Vanquished Creatures
  An ogre (D:4)
  2 lemures (D:5)
  A scorpion (D:4)
  An orc priest (D:3)
  Terence (D:2)
  3 iguanas
  Natasha (thrice) (D:2)
  7 gnolls
  6 adders
  An ufetubus (D:5)
  3 worms
  5 orcs
  3 bats
  7 endoplasms
  4 giant cockroaches
  7 goblins
  8 hobgoblins
  7 jackals
  9 kobolds
  4 quokkas
  9 ball pythons
  A frilled lizard (D:3)
  4 rats
97 creatures vanquished.

Vanquished Creatures (others)
  5 plants (D:2)
5 creatures vanquished.

Grand Total: 102 creatures vanquished

Notes
Turn   | Place    | Note
-------+----------+-------------------------------------------
     0 | D:1      | qw the Tengu Warper began the quest for the Orb.
     0 | D:1      | Reached XP level 1. HP: 12/12 MP: 4/4
     0 | D:1      | 0 ||| qw: Version: 0.1-a-89-g26bdef1
     0 | D:1      | 0 ||| qw: Game counter: 1726
     0 | D:1      | 0 ||| qw: Always use a shield: true
     0 | D:1      | 0 ||| qw: God list: Okawaru
     0 | D:1      | 0 ||| qw: Allow faded altars: false
     0 | D:1      | 0 ||| qw: Do Orc after D:15 true
     0 | D:1      | 0 ||| qw: Do second Lair branch before Depths: true
     0 | D:1      | 0 ||| qw: Lair rune preference: random
     0 | D:1      | 0 ||| qw: Plans: Normal
     0 | D:1      | 0 ||| PLANNING D:1-11
   341 | D:1      | Reached XP level 2. HP: 15/17 MP: 6/6
   392 | D:1      | Reached skill level 3 in Axes
   758 | D:1      | 758 ||| UPGRADING to +0 ring mail.
   768 | D:1      | 768 ||| DROPPING +0 leather armour.
   769 | D:1      | 769 ||| UPGRADING to +0 chain mail.
   779 | D:1      | 779 ||| DROPPING +0 ring mail.
   780 | D:1      | 780 ||| READING scroll labelled BUWISE FEPN.
   781 | D:1      | 781 ||| READING scroll labelled YTEHURIAWY.
   782 | D:1      | 782 ||| DRINKING 2 bubbling golden potions.
   783 | D:1      | 783 ||| DROPPING scroll of blinking.
   814 | D:2      | 814 ||| STAIRDANCE
   976 | D:2      | 976 ||| STAIRDANCE
  1077 | D:2      | Reached XP level 3. HP: 9/21 MP: 7/7
  1361 | D:2      | Reached skill level 4 in Axes
  1370 | D:2      | 1370 ||| Stepping ~*~*~tactically~*~*~ (stealth).
  1399 | D:2      | Noticed Terence
  1409 | D:2      | HP: 5/21 [Terence/+0 short sword (2)]
  1412 | D:2      | Killed Terence
  1413 | D:2      | Reached XP level 4. HP: 5/26 MP: 8/8
  1691 | D:2      | Noticed Natasha
  1692 | D:2      | 1692 ||| Stepping ~*~*~tactically~*~*~ (hiding).
  1693 | D:2      | 1693 ||| Stepping ~*~*~tactically~*~*~ (hiding).
  1698 | D:2      | Killed Natasha
  1699 | D:2      | Reached skill level 5 in Axes
  1897 | D:2      | Noticed Natasha
  1898 | D:2      | 1898 ||| Stepping ~*~*~tactically~*~*~ (stealth).
  1900 | D:2      | 1900 ||| Stepping ~*~*~tactically~*~*~ (hiding).
  1906 | D:2      | Killed Natasha
  1907 | D:2      | Gained mutation: Your magical nature lets you fly swiftly
                  | and evasively. [Tengu growth]
  1907 | D:2      | Reached XP level 5. HP: 28/30 MP: 9/9
  1935 | D:2      | Noticed Natasha
  1944 | D:2      | Killed Natasha
  2207 | D:2      | 2207 ||| UPGRADING to +4 ring of protection.
  2208 | D:2      | 2208 ||| READING scroll labelled JOEQOA BOEMET.
  2209 | D:2      | 2209 ||| READING scroll labelled YXYUSCH FUOXKIC.
  2358 | D:3      | Reached skill level 6 in Axes
  2466 | D:3      | 2466 ||| Stepping ~*~*~tactically~*~*~ (stealth).
  2478 | D:3      | 2478 ||| Stepping ~*~*~tactically~*~*~ (hiding).
  2559 | D:3      | Found a shadowy altar of Dithmenos.
  2772 | D:3      | 2772 ||| UPGRADING to +4 ring of evasion.
  2773 | D:3      | 2773 ||| READING 2 scrolls labelled PASMAO VOLAZA.
  2774 | D:3      | 2774 ||| DROPPING scroll of fog.
  2809 | D:4      | HP: 5/30 [gnoll/+0 spear (4)]
  2810 | D:4      | 2810 ||| DRINKING potion of heal wounds.
  2812 | D:4      | Reached XP level 6. HP: 19/35 MP: 10/10
  3168 | D:4      | HP: 3/35 [ogre/+0 giant club (7)]
  3170 | D:4      | Reached skill level 7 in Axes
  3172 | D:4      | 3172 ||| FLEEEEING.
  3173 | D:4      | 3173 ||| STAIRDANCE
  3457 | D:3      | 3457 ||| DRINKING 2 amethyst potions.
  3558 | D:3      | 3558 ||| DROPPING potion of ambrosia.
  3563 | D:4      | 3563 ||| Stepping ~*~*~tactically~*~*~ (stealth).
  3579 | D:4      | 3579 ||| Stepping ~*~*~tactically~*~*~ (stealth).
  3625 | D:4      | Found a snail-covered altar of Cheibriados.
  3739 | D:4      | 3739 ||| Stepping ~*~*~tactically~*~*~ (stealth).
  3815 | D:4      | Reached skill level 3 in Fighting
  3815 | D:4      | Reached XP level 7. HP: 39/41 MP: 11/11
  3880 | D:4      | 3880 ||| SWAPPING to +1 vorpal war axe.
  3881 | D:4      | 3881 ||| DROPPING +1 hand axe.
  4095 | D:5      | Entered Level 5 of the Dungeon
  4099 | D:5      | 4099 ||| STAIRDANCE
  4208 | D:5      | Found a staircase to the Ecumenical Temple.
  4209 | D:5      | 4209 ||| PLANNING TEMPLE
  4241 | Temple   | Entered the Ecumenical Temple
  4292 | Temple   | 4292 ||| PLANNING D:1-11
  4321 | D:5      | 4321 ||| Stepping ~*~*~tactically~*~*~ (stealth).
  4322 | D:5      | 4322 ||| Stepping ~*~*~tactically~*~*~ (stealth).
  4324 | D:5      | 4324 ||| Stepping ~*~*~tactically~*~*~ (stealth).
  4329 | D:5      | Noticed Pikel
  4336 | D:5      | HP: 9/41 [gnoll sergeant/+0 spear (2)]
  4337 | D:5      | 4337 ||| DRINKING 2 potions of heal wounds.
  4340 | D:5      | 4340 ||| DRINKING potion of heal wounds.
  4343 | D:5      | HP: 7/41 [Pikel/+2 whip of electrocution (6)]
  4343 | D:5      | Mangled by Pikel

Levels and vault maps discovered:
D:1:      minmay_arrival_four_circles, layout_loops_ring
D:2:      layout_rooms, serial_bayou, serial_bayou_pond_b, serial_bayou_pond_d,
          serial_bayou_shore_a, serial_bayou_pond_a, uniq_terence, uniq_natasha
D:3:      layout_rooms, nicolae_dithmenos_the_darkroom
D:4:      layout_cave_pools, mainiacjoe_overflow_alcove_2
D:5:      layout_basic, gammafunk_temple_overflow_statue,
          minmay_temple_entry_junction, ebering_dispersal_statue_hall,
          uniq_pikel
Temple:   nicolae_temple_x_marks_the_god

Skill      XL: |  1  2  3  4  5  6 |
---------------+-------------------+-----
Axes           | 3 4 5 6 7 |  7.8
Armour         | 2 |  2.5
Fighting       | 3 |  3.2
Throwing       | |  1.0
Dodging        | |  2.1
Spellcasting   | |  2.0
Translocations | |  2.4

Action                   |  1- 3 |  4- 6 |  7- 9 || total
-------------------------+-------+-------+-------++-------
Melee: Hand axe          |    75 |   132 |     7 ||   214
       Kick              |    10 |    45 |     5 ||    60
       Peck              |     7 |    17 |     3 ||    27
       Punch             |     1 |     1 |       ||     2
       War axe           |       |       |    41 ||    41
Throw: Boomerang         |     7 |       |    13 ||    20
  Use: Scroll            |     2 |     3 |       ||     5
       Potion            |     1 |     2 |     2 ||     5
Armor: Leather armour    |     2 |       |       ||     2
       Chain mail        |    30 |    67 |    35 ||   132
Dodge: Dodged            |    22 |    47 |    44 ||   113

Table legend:
 A = Non-vault XP
 B = Vault XP
 C = Vault XP percentage of total XP
 D = Non-vault monster count
 E = Vault monster count
 F = Vault count percentage of total count
                 A         B        C        D         E       F
            +---------+---------+-------+---------+---------+-------
      Total |     754 |      75 |   9.0 |      91 |       4 |   4.2
            +---------+---------+-------+---------+---------+-------
        D:1 |      28 |       0 |   0.0 |      18 |       0 |   0.0
        D:2 |     109 |      75 |  40.8 |      14 |       4 |  22.2
        D:3 |      90 |       0 |   0.0 |      21 |       0 |   0.0
        D:4 |     408 |       0 |   0.0 |      27 |       0 |   0.0
        D:5 |     119 |       0 |   0.0 |      11 |       0 |   0.0
            +---------+---------+-------+---------+---------+-------
